 Dungeon Crawl Stone Soup version 0.29.1-13-g9f3cf754e1 (webtiles) character file.

Game seed: 873700772170323509

268 Kornephoros the Covered (level 6, -4/56 HPs)
             Began as a Minotaur Fighter on Jan 24, 2023.
             Slain by a kobold brigand
             ... wielding a +0 dagger of distortion
              (11 damage)
             ... on level 4 of the Dungeon on Jan 25, 2023.
             The game lasted 00:19:53 (2960 turns).

Kornephoros the Covered (Minotaur Fighter)          Turns: 2960, Time: 00:19:53

Health: -4/56      AC: 11    Str: 22    XL:     6   Next: 0%
Magic:  5/5        EV:  7    Int:  5    God:
Gold:   223        SH:  5    Dex: 10    Spells: 5/5 levels left

rFire   . . .      SeeInvis .   a - +0 war axe
rCold   . . .      Faith    .   c - +0 buckler
rNeg    . . .      Spirit   .   k - +0 chain mail
rPois   .          Reflect  .   (helmet restricted)
rElec   .          Harm     .   j - +0 cloak
rCorr   .          Rampage  .   (no gloves)
Will    .....                   (no boots)
Stlth   ..........              (no amulet)
HPRegen 0.18/turn               (no ring)
MPRegen 0.09/turn               (no ring)

@: no status effects
A: horns 2, retaliatory headbutt
a: no special abilities


You were on level 4 of the Dungeon.
You visited 1 branch of the dungeon, and saw 4 of its levels.

You collected 223 gold pieces.

Inventory:

Hand Weapons
 a - a +0 war axe (weapon)
Armour
 c - a +0 buckler (worn)
 j - a +0 cloak (worn)
 k - a +0 chain mail (worn)
Jewellery
 o - a ring of protection from fire
Scrolls
 b - 2 scrolls of teleportation {unknown}
 e - a scroll of enchant weapon {unknown}
 h - a scroll of amnesia {unknown}
 i - 2 scrolls of blinking
 m - a scroll of poison {unknown}
Potions
 d - a potion of might
 f - a potion of heal wounds {unknown}
 g - 4 potions of curing
 l - a potion of brilliance {unknown}
 n - a potion of resistance {unknown}


   Skills:
 + Level 5.1 Fighting
 + Level 4.3 Axes
 + Level 5.1 Armour
 + Level 5.1 Shields


You had 5 spell levels left.
You didn't know any spells.
Your spell library contained the following spells:

 Spells                   Type           Power      Damage    Failure   Level
 Ensorcelled Hibernation  Hex/Ice        0%         N/A       100%        2
 Passwall                 Tmut/Erth      0%         N/A       100%        2
 Swiftness                Air            0%         N/A       100%        3
 Leda's Liquefaction      Hex/Erth       0%         N/A       100%        4
 Petrify                  Tmut/Erth      0%         N/A       100%        4
 Summon Lightning Spire   Summ/Air       0%         N/A       100%        4
 Storm Form               Tmut/Air       0%         N/A       100%        7
 Maxwell's Capacitive Co  Air            0%         ∞         100%        8


Dungeon Overview and Level Annotations

Branches:
Dungeon (4/15)
 Temple: D:4-7

Altars:

Portals:
Abyss: D:4

Annotations:
D:4 1 transporter, DearGrease's ghost, weakling TrWr


Innate Abilities, Weirdness & Mutations

You have a pair of horns on your head.
You reflexively headbutt those who attack you in melee.


Message History

The phantom completely misses you.
You slash the phantom! You headbutt the phantom.
You destroy the phantom!
Your Fighting skill increases to level 5!
Your Armour skill increases to level 5!
Your Shields skill increases to level 5!
Found 12 gold pieces.
An adder comes into view.
The adder hisses angrily.
The adder closely misses you. You furiously retaliate!
You headbutt the adder!
You kill the adder!
You have reached level 6!
You see here an adder corpse.
Found 3 poisoned darts.
The kobold brigand shouts!
There is a transporter landing site here.
There is a transporter here.
You enter the transporter and appear at another place.
The small abomination enters a dispersal trap!
The kobold brigand blinks!
You blink.
The small abomination blinks!
The kobold brigand hits you with a +0 dagger of distortion.
You barely miss the kobold brigand. You headbutt the kobold brigand.
The kobold brigand is lightly wounded.
The kobold brigand hits you but does no damage.
Space warps horribly around you!!
You closely miss the kobold brigand.
The kobold brigand is lightly wounded.
The kobold brigand hits you with a +0 dagger of distortion.
Space warps around you.
The kobold brigand hits you but does no damage.
Space warps horribly around you!!
* * * LOW HITPOINT WARNING * * *
The small abomination hits you!
* * * LOW HITPOINT WARNING * * *
You hit the kobold brigand.
The kobold brigand is lightly wounded.
You barely miss the small abomination.
The kobold brigand hits you but does no damage.
Space warps horribly around you!
You die...

########.#.####...##..#
#.....................#
#.....................#
#...####.......###....#
#...#.©###...###x##†..#
##...##...##©.# ...#...#
##.....#.#..#####^.##...#
#.....##.##.xK..#.##....#
#.#..##..^#.#x@#.##.....#
###.#..#©..##..$#^.#......#
.......##.##.###.#.###....#
.####...# :.##.###...##...#
........##..#....##.#.#...#
##..#..## ####...##..#..##
#.....#.###..##..##.##..#
#.....##x!∩..W#..#..#...#
#......####..##..##.#...#


You could see a kobold brigand and 2 small abominations.

Vanquished Creatures
  A phantom (D:4)
  A necrophage (D:4)
  A gnoll (D:1)
  4 adders
  A worm (D:3)
  4 dart slugs
  3 ball pythons
  2 bats
  6 endoplasms
  2 giant cockroaches (D:2)
  4 goblins
  7 hobgoblins
  15 jackals
  3 quokkas
  5 frilled lizards
  8 kobolds
  2 rats
69 creatures vanquished.

Notes
Turn   | Place    | Note
-------+----------+-------------------------------------------
     0 | D:1      | Kornephoros the Minotaur Fighter began the quest for the
                  | Orb.
     0 | D:1      | Reached XP level 1. HP: 19/19 MP: 0/0
   164 | D:1      | Reached XP level 2. HP: 27/27 MP: 1/1
   226 | D:1      | You fall into a shaft and drop 1 floor!
   427 | D:2      | Reached XP level 3. HP: 23/33 MP: 2/2
   949 | D:1      | Reached XP level 4. HP: 41/41 MP: 3/3
  2116 | D:3      | Identified the +0 leather armour "Isoist" {Rampage Will-
                  | Int+8 Dex+4}
  2216 | D:3      | Got the Papyrus of Earth
  2557 | D:4      | Noticed a necrophage
  2566 | D:4      | Killed a necrophage
  2567 | D:4      | Reached XP level 5. HP: 39/47 MP: 4/4
  2838 | D:4      | Found a transporter.
  2852 | D:4      | Found a transporter.
  2853 | D:4      | Found a one-way gate to the infinite horrors of the Abyss.
  2853 | D:4      | Noticed DearGrease's ghost (weakling TrWr)
  2864 | D:4      | Noticed a phantom
  2868 | D:4      | Killed a phantom
  2869 | D:4      | Reached skill level 5 in Fighting
  2869 | D:4      | Reached skill level 5 in Armour
  2869 | D:4      | Reached skill level 5 in Shields
  2921 | D:4      | Reached XP level 6. HP: 56/56 MP: 5/5
  2936 | D:4      | Noticed a small abomination
  2960 | D:4      | Slain by a kobold brigand

Illustrated notes

Levels and vault maps discovered:
D:1:      shiori_arrival_oz, layout_loops_ring
D:2:      layout_basic
D:3:      layout_basic
D:4:      layout_basic, gammafunk_ghost_abyssal_escape

Skill      XL: |  1  2  3  4  5 |
---------------+----------------+-----
Fighting       | 4 5 |  5.1
Armour         | 4 5 |  5.1
Shields        | 4 5 |  5.1
Axes           | 3 4 |  4.3

Action                   |  1- 3 |  4- 6 || total
-------------------------+-------+-------++-------
Melee: War axe           |    82 |    84 ||   166
       Headbutt          |     7 |    11 ||    18
  Use: Scroll            |       |     3 ||     3
Armor: Scale mail        |    41 |       ||    41
       Chain mail        |     3 |    34 ||    37
Dodge: Dodged            |    41 |    28 ||    69
Block: Buckler           |    12 |    12 ||    24
